General information
			
			
        
        - name: BNet
 
        - type: Ladder team game (AT/RT)
 
        - host: Battle.net
 
        - saver: BEAR_AND
 
        
map: Avalanche 
        - players: 4
 
        - length: 28:01
 
        - speed: Fast
 - version: 1.21 W3XP
 - replay type:  

 
» download(107 KB)
Players
        team 1 (loser) 
              
              
buddywanker (
orange | 36 APM | 1009 actions | 27:52)
              
 3 Priestess of the Moon 
 2 Trueshot Aura
 1 Searing Arrows
 3 Keeper of the Grove 
 2 Entangling Roots
 1 Force of Nature
 
                » actions 
                
                | Assign group hotkey | 9 |  | 
| Build / train | 48 |  | 
| Enter build submenu | 23 |  | 
| Enter hero's abilities submenu | 6 |  | 
| Give item / drop item | 1 |  | 
| Remove unit from queue | 1 |  | 
| Right click | 563 |  | 
| Select / deselect | 190 |  | 
| Select group hotkey | 114 |  | 
| Use ability | 53 |  | 
                1009 total
 » units 
                
                | Wisp | 11 |  | 
| Archer | 2 |  | 
| Huntress | 3 |  | 
| Druid of the Claw | 2 |  | 
| Dryad | 2 |  | 
| Druid of the Talon | 2 |  | 
| Chimaera | 5 |  | 
                27 total
 » upgrades
                
                | Abolish Magic | 1 |  | 
| Druid of the Claw Training | 2 |  | 
| Druid of the Talon Training | 2 |  | 
| Mark of the Claw | 1 |  | 
| Strength of the Wild | 1 |  | 
| Reinforced Hides | 1 |  | 
| Corrosive Breath | 1 |  | 
                9 total
 » buildings
                
                | Altar of Elders | 1 |  | 
| Moon Well | 10 |  | 
| Ancient of War | 1 |  | 
| Hunter's Hall | 1 |  | 
| Tree of Ages | 1 |  | 
| Ancient of Lore | 2 |  | 
| Ancient of Wind | 1 |  | 
| Tree of Eternity | 1 |  | 
| Chimaera Roost | 1 |  | 
| Tree of Life | 3 |  | 
                22 total
 » build order
                00:20 Altar of Elders
00:35 Moon Well
00:49 Ancient of War
01:39 Moon Well
02:15 Hunter's Hall
02:58 Tree of Ages
03:57 Moon Well
04:04 Moon Well
05:26 Ancient of Lore
05:28 Ancient of Lore
05:34 Ancient of Wind
05:37 Tree of Eternity
09:55 Chimaera Roost
10:40 Moon Well
11:02 Moon Well
15:01 Tree of Life
15:57 Tree of Life
16:06 Moon Well
16:09 Moon Well
21:12 Moon Well
21:15 Moon Well
27:42 Tree of Life
 
               
              
              
oNd (
yellow | 31 APM | 872 actions | 27:59)
              
 2 Death Knight 
 1 Death Coil
 1 Unholy Aura
 
                » actions 
                
                | Basic commands | 1 |  | 
| Build / train | 42 |  | 
| Enter build submenu | 32 |  | 
| Enter hero's abilities submenu | 3 |  | 
| Remove unit from queue | 1 |  | 
| Right click | 474 |  | 
| Select / deselect | 286 |  | 
| Use ability | 33 |  | 
                872 total
 » units 
                
                | Acolyte | 7 |  | 
| Ghoul | 6 |  | 
| Frost Wyrm | 10 |  | 
                23 total
 » upgrades
                
                | Necromancer Training | 1 |  | 
| Skeletal Longevity | 1 |  | 
| Freezing Breath | 1 |  | 
| Creature Attack | 2 |  | 
| Creature Carapace | 2 |  | 
                7 total
 » buildings
                
                | Ziggurat | 11 |  | 
| Altar of Darkness | 1 |  | 
| Crypt | 2 |  | 
| Graveyard | 2 |  | 
| Spirit Tower | 3 |  | 
| Halls of the Dead | 3 |  | 
| Temple of the Damned | 1 |  | 
| Black Citadel | 1 |  | 
| Slaughterhouse | 1 |  | 
| Sacrificial Pit | 1 |  | 
| Boneyard | 3 |  | 
| Tomb of Relics | 1 |  | 
| Necropolis | 1 |  | 
                31 total
 » build order
                00:13 Ziggurat
00:31 Altar of Darkness
00:45 Crypt
01:03 Graveyard
01:27 Ziggurat
02:38 Spirit Tower
03:23 Halls of the Dead
04:06 Ziggurat
04:07 Ziggurat
05:52 Spirit Tower
06:00 Temple of the Damned
06:02 Black Citadel
06:07 Slaughterhouse
08:15 Sacrificial Pit
09:23 Boneyard
09:24 Boneyard
09:58 Boneyard
10:32 Ziggurat
10:33 Ziggurat
15:13 Tomb of Relics
15:55 Ziggurat
18:04 Ziggurat
18:05 Ziggurat
18:54 Necropolis
19:30 Graveyard
21:13 Spirit Tower
22:18 Halls of the Dead
22:28 Crypt
22:30 Ziggurat
22:31 Ziggurat
» items
                 
               team 2 (winner) 
              
              
BEAR_AND (
teal | 60 APM | 1671 actions | 28:01)
              
 7 Blademaster 
 3 Wind Walk
 3 Critical Strike
 1 Bladestorm
 
                » actions 
                
                | Assign group hotkey | 5 |  | 
| Basic commands | 1 |  | 
| Build / train | 61 |  | 
| Enter build submenu | 41 |  | 
| Enter hero's abilities submenu | 7 |  | 
| Give item / drop item | 5 |  | 
| Remove unit from queue | 5 |  | 
| Right click | 1000 |  | 
| Select / deselect | 224 |  | 
| Select group hotkey | 219 |  | 
| Use ability | 103 |  | 
                1671 total
 » units 
                » upgrades
                
                | Liquid Fire | 1 |  | 
| Reinforced Defenses | 1 |  | 
| Ranged Weapons | 3 |  | 
| Armor | 2 |  | 
                7 total
 » buildings
                
                | War Mill | 1 |  | 
| Altar of Storms | 1 |  | 
| Orc Burrow | 4 |  | 
| Watch Tower | 34 |  | 
| Stronghold | 1 |  | 
| Voodoo Lounge | 1 |  | 
| Beastiary | 2 |  | 
| Fortress | 1 |  | 
| Great Hall | 4 |  | 
                49 total
 » build order
                00:06 War Mill
00:11 Altar of Storms
00:31 Orc Burrow
01:38 Watch Tower
02:09 Watch Tower
02:41 Watch Tower
03:17 Watch Tower
03:55 Stronghold
03:57 Watch Tower
04:42 Watch Tower
04:46 Orc Burrow
05:10 Voodoo Lounge
05:25 Watch Tower
05:48 Orc Burrow
05:50 Watch Tower
06:38 Watch Tower
06:43 Orc Burrow
06:49 Beastiary
07:23 Watch Tower
07:24 Fortress
07:46 Beastiary
08:58 Watch Tower
09:41 Watch Tower
10:56 Watch Tower
12:06 Watch Tower
15:19 Great Hall
15:23 Watch Tower
15:24 Watch Tower
15:54 Watch Tower
15:55 Watch Tower
15:56 Watch Tower
17:01 Great Hall
20:46 Great Hall
21:28 Great Hall
21:31 Watch Tower
21:31 Watch Tower
21:32 Watch Tower
21:33 Watch Tower
22:09 Watch Tower
22:10 Watch Tower
23:31 Watch Tower
23:32 Watch Tower
24:37 Watch Tower
24:38 Watch Tower
26:03 Watch Tower
26:04 Watch Tower
27:01 Watch Tower
27:02 Watch Tower
27:02 Watch Tower
» items
                 
               
              
              
DIRTMCGIRT (
purple | 52 APM | 1462 actions | 28:00)
              
 6 Archmage 
 3 Summon Water Elemental
 2 Brilliance Aura
 1 Mass Teleport
 
                » actions 
                
                | Assign group hotkey | 7 |  | 
| Basic commands | 12 |  | 
| Build / train | 84 |  | 
| Enter build submenu | 38 |  | 
| Enter hero's abilities submenu | 6 |  | 
| Give item / drop item | 1 |  | 
| Remove unit from queue | 4 |  | 
| Right click | 694 |  | 
| Select / deselect | 466 |  | 
| Select group hotkey | 46 |  | 
| Use ability | 102 |  | 
                1462 total
 » units 
                
                | Peasant | 11 |  | 
| Mortar Team | 10 |  | 
| Sorceress | 3 |  | 
| Siege Engine | 3 |  | 
                27 total
 » upgrades
                
                | Masonry | 3 |  | 
| Lumber Harvesting | 2 |  | 
| Gunpowder | 3 |  | 
| Fragmentation Shards | 1 |  | 
| Sorceress Training | 1 |  | 
| Flare | 1 |  | 
| Plating | 3 |  | 
| Magic Sentry | 1 |  | 
| Armor | 1 |  | 
| Barrage | 1 |  | 
                17 total
 » buildings
                
                | Altar of Kings | 1 |  | 
| Farm | 8 |  | 
| Lumber Mill | 1 |  | 
| Scout Tower | 45 |  | 
| Guard Tower | 23 |  | 
| Keep | 1 |  | 
| Blacksmith | 1 |  | 
| Workshop | 2 |  | 
| Castle | 1 |  | 
| Arcane Sanctum | 1 |  | 
| Arcane Vault | 1 |  | 
| Town Hall | 1 |  | 
                86 total
 » build order
                00:07 Altar of Kings
00:14 Farm
00:27 Lumber Mill
00:48 Farm
01:22 Scout Tower
01:52 Scout Tower
01:54 Scout Tower
01:55 Guard Tower
02:12 Scout Tower
02:37 Guard Tower
02:48 Guard Tower
02:53 Scout Tower
02:54 Scout Tower
03:24 Guard Tower
03:27 Scout Tower
03:27 Scout Tower
04:13 Guard Tower
04:16 Scout Tower
04:17 Scout Tower
04:59 Guard Tower
05:01 Keep
05:07 Blacksmith
05:19 Scout Tower
05:51 Guard Tower
05:54 Scout Tower
06:16 Scout Tower
06:56 Guard Tower
07:01 Scout Tower
07:03 Guard Tower
07:39 Guard Tower
07:48 Workshop
07:56 Farm
07:57 Farm
07:59 Farm
08:00 Farm
08:06 Scout Tower
08:07 Scout Tower
08:08 Scout Tower
09:13 Workshop
09:19 Scout Tower
09:24 Scout Tower
09:25 Scout Tower
09:29 Scout Tower
09:30 Scout Tower
09:31 Guard Tower
09:34 Castle
09:57 Guard Tower
10:07 Scout Tower
10:08 Scout Tower
10:57 Guard Tower
11:31 Guard Tower
12:12 Arcane Sanctum
12:16 Guard Tower
13:45 Farm
13:49 Farm
15:23 Scout Tower
15:24 Scout Tower
15:26 Scout Tower
15:27 Scout Tower
16:11 Arcane Vault
16:36 Guard Tower
16:43 Scout Tower
16:45 Guard Tower
17:52 Guard Tower
17:56 Scout Tower
17:57 Scout Tower
17:58 Scout Tower
19:24 Guard Tower
19:29 Scout Tower
19:30 Scout Tower
19:32 Scout Tower
19:48 Town Hall
20:57 Guard Tower
22:13 Scout Tower
22:14 Scout Tower
23:30 Guard Tower
23:33 Scout Tower
23:33 Scout Tower
23:34 Scout Tower
23:35 Scout Tower
24:40 Guard Tower
27:42 Guard Tower
27:45 Scout Tower
27:47 Scout Tower
27:48 Scout Tower
27:49 Scout Tower
» items
                
                | Mechanical Critter | 2 |  | 
| Scroll of Regeneration | 2 |  | 
                4 total
  
                Chat log
          (00:10 / All) buddywanker: ur names go together?
(00:14 / All) BEAR_AND: no
(00:22 / All) buddywanker: oh
(00:22 / All) BEAR_AND: we just like shift key lol
(01:14 / All) oNd: Ugh
(01:19 / All) oNd: u guys good?
(01:24 / Allies) BEAR_AND: no lol
(01:25 / All) DIRTMCGIRT: no
(01:25 / All) BEAR_AND: no lol
(01:33 / All) oNd: u think we would win?
(01:38 / All) DIRTMCGIRT: idk
(01:40 / All) BEAR_AND: idk are you good
(01:45 / All) oNd: we suck
(01:47 / All) buddywanker: we are ok
(01:47 / All) DIRTMCGIRT: only 1 way 2 dind out
(01:49 / All) oNd: for lvl 20s
(01:58 / All) BEAR_AND: did u just get lucky a lot. haha.
(01:59 / All) oNd: this is for my icon!
(02:08 / All) buddywanker: im lvl 20 in at im lvl 7 in quick game
(02:14 / All) BEAR_AND: sweate what icon you want
(02:16 / All) oNd: im lvl 23
(02:21 / All) oNd: n lvl 18 in solo
(02:25 / All) oNd: banshe
(02:50 / All) oNd: i cant wait till destroyer icon
(02:59 / All) BEAR_AND: banshee is 150 ud right?
(02:59 / All) oNd: that icon rocks
(03:02 / All) oNd: yup
(03:06 / All) BEAR_AND: nice
(03:14 / All) oNd: whats ure guys rec?
(03:27 / All) BEAR_AND: prety bad like 4-7?
(03:31 / All) oNd: no
(03:32 / All) oNd: Way
(03:34 / All) oNd: no way
(03:36 / All) BEAR_AND: i forget
(03:38 / All) oNd: for lvl 0s
(03:40 / All) BEAR_AND: this our first game in like a week
(03:42 / All) oNd: u got no wins
(03:51 / All) BEAR_AND: o it m,ight be our first sinc ereset
(03:57 / All) oNd: u gota have no wins for lvl 1s
(03:59 / All) oNd: oh
(04:02 / All) DIRTMCGIRT: nah i was playin on my other name steve
(04:58 / All) oNd: ...
(05:11 / All) oNd: towes...
(05:22 / All) DIRTMCGIRT: ?
(05:27 / All) oNd: towers..
(05:28 / All) BEAR_AND: wat is wrong with towers lol
(05:38 / All) oNd: lil noobich?
(05:47 / All) oNd: ill tower up then to
(23:24 / All) BEAR_AND: we are good lol
(23:28 / All) oNd: no
(23:30 / All) oNd: u are noobs
(23:37 / All) BEAR_AND: we are winning :)
(23:44 / All) oNd: towers noobs
(24:34 / All) DIRTMCGIRT: lol
(24:42 / All) DIRTMCGIRT: gg noobs
(24:53 / All) oNd: who as like 300 tower?
(24:55 / All) oNd: towers
(24:57 / All) BEAR_AND: us
(25:05 / All) BEAR_AND: who is winning?
(25:07 / All) oNd: thats who the noobs are
(25:19 / All) oNd: N_O_O_B_S
(25:40 / All) buddywanker: its an unsuspecting stratigey
(26:14 / All) buddywanker: its good if the other player isnt prepared for it
(26:25 / All) buddywanker: better hope u keep getting lucky
(26:26 / All) BEAR_AND: "isn't prepared for it" = "noob"
(26:32 / All) BEAR_AND: you gotta be prepared for everything
(26:37 / All) BEAR_AND: that is the sign of a pro
(26:41 / All) BEAR_AND: expecting the unexpected
(27:03 / All) buddywanker: like i said 
(27:04 / All) BEAR_AND: do you have a plan?
(27:12 / All) buddywanker: u etter hop u keep getting lucky
(27:14 / All) BEAR_AND: or do you just tech to chims and wyrms every game?
(27:19 / All) oNd: nope
(27:22 / All) DIRTMCGIRT: lol
(27:24 / All) oNd: just this game
(27:27 / All) DIRTMCGIRT: u dont need luck
(27:30 / All) DIRTMCGIRT: against noobs
(27:37 / All) BEAR_AND: damn dirt
(27:39 / All) DIRTMCGIRT: just play and skill will determine da true winner
(27:41 / All) BEAR_AND: that is a super slam
(27:44 / All) oNd: u calling ureself a noob
(27:52 / All) DIRTMCGIRT: lol we are winning
(27:55 / All) BEAR_AND: GG
(27:57 / All) BEAR_AND: nobs.